 Dungeon Crawl Stone Soup version 0.25-a0-842-g81a31cfd23 (webtiles) character file.

Game seed: 10803810554127453866, levelgen mode: classic

16 Amnesiac the Gusty (level 2, -2/15 HPs)
             Began as a Deep Elf Air Elementalist on Apr 24, 2020.
             Slain by a hound (3 damage)
             ... on level 4 of the Dungeon.
             The game lasted 00:02:32 (423 turns).

Amnesiac the Gusty (Deep Elf Air Elementalist)       Turns: 423, Time: 00:02:33

Health: -2/15      AC:  2    Str:  5    XL:     2   Next: 41%
Magic:  1/8        EV: 13    Int: 19    God:
Gold:   14         SH:  0    Dex: 15    Spells: 7/8 levels left

rFire    . . .     SeeInvis .   (no weapon)
rCold    . . .     Gourm    .   (no shield)
rNeg     . . .     Faith    .   a - +0 robe
rPois    .         Spirit   .   (no helmet)
rElec    .         Reflect  .   (no cloak)
rCorr    .         Harm     .   (no gloves)
MR       .....                  (no boots)
Stlth    ++........             (no amulet)
HPRegen  0.05/turn              (no ring)
MPRegen  0.11/turn              (no ring)

@: very slightly contaminated
A: no striking features
a: no special abilities


You were on level 4 of the Dungeon.
You were not hungry.

You visited 1 branch of the dungeon, and saw 4 of its levels.

You collected 14 gold pieces.

Inventory:

Armour
 a - a +0 robe (worn)
Wands
 f - a wand of random effects (19)
Scrolls
 e - 2 scrolls of identify {!r}
Comestibles
 b - a chunk of flesh
 c - 2 rations


   Skills:
 - Level 2.4 Dodging
 - Level 2.4 Stealth
 + Level 3.5 Spellcasting
 - Level 1.1 Conjurations
 * Level 3.6 Air Magic


You had 7 spell levels left.
You knew the following spells:

 Your Spells              Type           Power        Failure   Level  Hunger
a - Shock                 Conj/Air       ##..         5%          1    None

Your spell library contained the following spells:

 Spells                   Type           Power        Failure   Level  Hunger
 Swiftness                Chrm/Air       ##......     11%         2    ##.....
 Static Discharge         Conj/Air       ##......     17%         3    ###....
 Airstrike                Air            ###.......   32%         4    ####...
 Confusing Touch          Hex            #.......     41%         3    ###....
 Gell's Gravitas          Tloc           #.........   41%         3    ###....
 Petrify                  Tmut/Erth      #.......     82%         4    ####...
 Lightning Bolt           Conj/Air       ##........   83%         5    ######.
 Metabolic Englaciation   Hex/Ice        #.........   99%         5    ######.
 Yara's Violent Unravell  Hex/Tmut       #.........   99%         5    ######.


Dungeon Overview and Level Annotations

Branches:
Dungeon (4/15)
 Temple: D:4-7

Altars:
Ashenzari
Okawaru


Message History

Aim: a gnoll, wielding a +0 club The zap hits the ooze.
The ooze is almost dead.
The zap hits the gnoll.
The gnoll is moderately wounded.
The ooze barely misses you.
Casting: Shock (safe; 6% risk of failure)
Confirm with . or Enter, or press ? or * to list all spells.
Aiming: Shock (safe; 6% risk of failure)
Press: ? - help, Shift-Dir - straight line, f - gnoll, p - gnoll
Aim: a gnoll, wielding a +0 whip The zap hits the ooze.
The ooze is almost dead.
The zap hits the gnoll.
The gnoll is heavily wounded.
The zap hits the gnoll.
The gnoll is moderately wounded.
A gnoll comes into view. It is wielding a +0 flail.
The ooze misses you.
Sorry, you're not good enough to have a special ability.
Unknown command.
Casting: Shock (safe; 6% risk of failure)
Confirm with . or Enter, or press ? or * to list all spells.
Aiming: Shock (safe; 6% risk of failure)
Press: ? - help, Shift-Dir - straight line, f/p - gnoll
Aim: a gnoll, wielding a +0 whip (moderately wounded)
The zap hits the ooze.
You kill the ooze!
The zap misses the hound.
The zap misses the gnoll.
Casting: Shock (safe; 5% risk of failure)
Confirm with . or Enter, or press ? or * to list all spells.
Aiming: Shock (safe; 5% risk of failure)
Press: ? - help, Shift-Dir - straight line, f - gnoll, p - gnoll
Aim: a gnoll, wielding a +0 flail The zap hits the worker ant.
The worker ant is lightly wounded.
The zap hits the gnoll.
The gnoll is severely wounded.
The zap hits the gnoll.
The gnoll is moderately wounded.
The worker ant bites you.
* * * LOW HITPOINT WARNING * * *
You aren't carrying any potions.
Okay, then.
You aren't carrying any potions.
Really read
e - 2 scrolls of identify {!r}?
Okay, then.
Really read
d - a scroll of blinking {!r}?
Blink to where?
Press: ? - help, Dir - move target cursor, p - gnoll
As you read the scroll of blinking {!r}, it crumbles to dust.
Found a kite shield.
The hound barely misses you.
Casting: Shock (safe; 5% risk of failure)
Confirm with . or Enter, or press ? or * to list all spells.
Aiming: Shock (safe; 5% risk of failure)
Press: ? - help, Shift-Dir - straight line, f - hound
Aim: a hound (lightly wounded)
The zap hits the hound.
The hound is lightly wounded.
The zap misses the hound.
The hound misses you. The hound bites you.
* * * LOW HITPOINT WARNING * * *
The hound bites you.
You die...

.#..........#...# .
##..ag......%..#...?
#.....g...)......_..
#.........#...#.....
#g######.##.#.##...#
#.# ##.##.#.(.....
#.#####..##...?.....
#h##......#....###..
#####..#..g.h@.......
...............#..%.##
#.#######......# ...#
#[.....# ..# ########
.# #


You could see a hound and a gnoll.

Vanquished Creatures
  An ooze (D:4)
  A leopard gecko (D:3)
  A giant cockroach (D:4)
  2 goblins (D:1)
  2 hobgoblins
  A bat (D:3)
  2 frilled lizards
  A kobold (D:3)
11 creatures vanquished.

Notes
Turn   | Place    | Note
-------+----------+-------------------------------------------
     0 | D:1      | Amnesiac the Deep Elf Air Elementalist began the quest for
                  | the Orb.
     0 | D:1      | Reached XP level 1. HP: 10/10 MP: 6/6
    95 | D:2      | Found a shattered altar of Ashenzari.
   240 | D:3      | Reached XP level 2. HP: 7/15 MP: 4/8
   391 | D:4      | Found an iron altar of Okawaru.
   423 | D:4      | Slain by a hound

Levels and vault maps discovered:
D:1:      lemuel_arrival_hallway, layout_rooms, st_stairs_13
D:2:      layout_basic, overflow_temple_1_default, lemuel_crystal_altar,
          nicolae_ashenzari_panopticon
D:3:      layout_loops_ring, grunt_temple_overflow_open,
          minmay_misc_feat_secret_circle, minmay_rat_hole
D:4:      layout_rooms, nicolae_overflow_hidden_temple, okawaru_gym_becter,
          amethyst_overflow_temple_binary, temple_doors_ab

Action                   || total
-------------------------++-------
 Cast: Shock             ||    21
  Use: Scroll            ||     2
Armor: Robe              ||     1
Dodge: Dodged            ||     7

Table legend:
 A = Non-vault XP
 B = Vault XP
 C = Vault XP percentage of total XP
 D = Non-vault monster count
 E = Vault monster count
 F = Vault count percentage of total count
                 A         B        C        D         E       F
            +---------+---------+-------+---------+---------+-------
      Total |      24 |       0 |   0.0 |      11 |       0 |   0.0
            +---------+---------+-------+---------+---------+-------
        D:1 |       5 |       0 |   0.0 |       3 |       0 |   0.0
        D:2 |       2 |       0 |   0.0 |       1 |       0 |   0.0
        D:3 |       7 |       0 |   0.0 |       4 |       0 |   0.0
        D:4 |      10 |       0 |   0.0 |       3 |       0 |   0.0
            +---------+---------+-------+---------+---------+-------
